 Dungeon Crawl Stone Soup version 0.28.0-1-gb440e238dd (webtiles) character file.

Game seed: 1545496355117832693

9 spaghetti the Sneak (level 2, 0/21 HPs)
             Began as an Octopode Delver on Feb 19, 2022.
             Slain by a centaur (6 damage)
             ... on level 6 of the Dungeon.
             The game lasted 00:00:17 (248 turns).

spaghetti the Sneak (Octopode Delver)                Turns: 248, Time: 00:00:17

Health: 0/21       AC:  1    Str: 11    XL:     2   Next: 16%
Magic:  2/2        EV: 13    Int: 12    God:
Gold:   14         SH:  0    Dex: 13    Spells: 1/1 levels left

rFire   . . .      SeeInvis .   a - +0 falchion
rCold   . . .      Faith    .   (no shield)
rNeg    . . .      Spirit   .   (helmet restricted)
rPois   .          Reflect  .   (no amulet)
rElec   .          Harm     .   (no ring)
rCorr   .          Rampage  .   (no ring)
Will    .....                   (no ring)
Stlth   ++++......              (no ring)
HPRegen 0.07/turn               (no ring)
MPRegen 0.08/turn               (no ring)
                                (no ring)
                                (no ring)

@: no status effects
A: almost no armour, amphibious, 8 rings, camouflage 1, gelatinous body 1,
(nimble swimmer 1), tentacles
a: no special abilities


You were on level 6 of the Dungeon.
You visited 1 branch of the dungeon, and saw 3 of its levels.

You collected 14 gold pieces.

Inventory:

Hand Weapons
 a - a +0 falchion (weapon)
Wands
 f - a wand of digging (3)
Scrolls
 b - a scroll of fog
 c - a scroll of magic mapping
 d - a scroll of fear
Potions
 e - a potion of haste


   Skills:
 - Level 3.0 Fighting
 - Level 2.0 Long Blades
 - Level 2.0 Dodging
 + Level 7.2 Stealth


You had one spell level left.
You didn't know any spells.
Your spell library was empty.

Dungeon Overview and Level Annotations

Branches:
Dungeon (7/15)
 Temple: D:4-7

Altars:


Innate Abilities, Weirdness & Mutations

You cannot wear most types of armour.
You are amphibious.
You can wear up to eight rings at the same time.
Your skin changes colour to match your surroundings (Stealth+).
Your rubbery body absorbs attacks. (AC +1, EV +1)
((You are camouflaged when in or above water. (Stealth+)))
You have tentacles for arms and can constrict up to eight enemies at once.


Message History

Found a stone staircase leading down.
The centaur wields a +0 shortbow.
The centaur shoots an arrow.
The arrow hits you!
The centaur shoots an arrow.
The arrow barely misses you.
The centaur shoots an arrow.
The arrow hits you.
* * * LOW HITPOINT WARNING * * *
You are too injured to fight recklessly!
You are too injured to fight recklessly!
You are too injured to fight recklessly!
You are too injured to fight recklessly!
You are too injured to fight recklessly!
You are too injured to fight recklessly!
You are too injured to fight recklessly!
You are too injured to fight recklessly!
You are too injured to fight recklessly!
You are too injured to fight recklessly!
You are too injured to fight recklessly!
You are too injured to fight recklessly!
You are too injured to fight recklessly!
You are too injured to fight recklessly!
You are too injured to fight recklessly!
You are too injured to fight recklessly!
You are too injured to fight recklessly!
You are too injured to fight recklessly!
You are too injured to fight recklessly!
You are too injured to fight recklessly!
You are too injured to fight recklessly!
You are too injured to fight recklessly!
You are too injured to fight recklessly!
You are too injured to fight recklessly!
You are too injured to fight recklessly!
You are too injured to fight recklessly!
Unknown command.
Found 5 poisoned darts.
The centaur unwields a +0 shortbow.
The centaur barely misses you. x2
You closely miss the centaur. The centaur misses you.
The centaur closely misses you. The centaur misses you. x2
You hit the centaur.
The centaur is lightly wounded.
The centaur hits you.
You die...

. ...# . .# ###
....#.... ..# #..
#.......# ##
...##..#####..##..###..#
...............#...>...
.....##..........?.#.# .
#.<....!..........# ##
##...........$.# .#
#...........@.#
.####............c.....(
......##.............###
.....................#
.#.......#..........##
###..######.#....##...
##..## #.#....# ....
#... ........ .... #...#


You could see a centaur.

Vanquished Creatures
  An adder (D:6)
1 creature vanquished.

Vanquished Creatures (others)
  7 plants (D:6)
7 creatures vanquished.

Grand Total: 8 creatures vanquished

Notes
Turn   | Place    | Note
-------+----------+-------------------------------------------
     0 | D:5      | spaghetti the Octopode Delver began the quest for the Orb.
     0 | D:5      | Reached XP level 1. HP: 16/16 MP: 1/1
    17 | D:6      | Reached skill level 7 in Stealth
    17 | D:6      | Reached XP level 2. HP: 12/21 MP: 2/2
   225 | D:7      | Noticed a bullfrog
   240 | D:6      | Noticed a centaur
   248 | D:6      | Slain by a centaur

Illustrated notes

Levels and vault maps discovered:
D:5:      layout_basic, lemuel_coloured_pillars_altar,
          grunt_temple_overflow_growth_and_decay
D:6:      layout_cave_pools, minmay_temple_entry_overgrown,
          gammafunk_ghost_cemetery
D:7:      layout_rooms

Skill      XL: |  1 |
---------------+----+-----
Stealth        | 7 |  7.2
Fighting       | |  3.0
Long Blades    | |  2.0
Dodging        | |  2.0

Action                   || total
-------------------------++-------
Melee: Falchion          ||     5
       Constrict         ||     1
       Tentacles         ||     1
Dodge: Dodged            ||     9
